General information
- name: BNet
- type: Ladder team game (AT/RT)
- host: Battle.net
- saver: NOOBPUNKD.
map: MarketSquare
- players: 8
- length: 41:29
- speed: Fast
- version: 1.27 W3XP
- replay type: Public
» download(271 KB)
Players
team 1 (loser)

»
wombaaat (
yellow | 62 APM | 2587 actions | 41:28)
5 Archmage
3 Summon Water Elemental
2 Brilliance Aura
1 Priestess of the Moon
1 Scout
1 Dark Ranger
1 Silence
» actions
| Assign group hotkey | 61 | |
| Basic commands | 117 | |
| Build / train | 113 | |
| ESC pressed | 11 | |
| Enter build submenu | 44 | |
| Enter hero's abilities submenu | 7 | |
| Give item / drop item | 3 | |
| Right click | 606 | |
| Select / deselect | 688 | |
| Select group hotkey | 768 | |
| Use ability | 167 | |
2587 total
» units
| Peasant | 17 | |
| Footman | 10 | |
| Flying Machine | 25 | |
| Mortar Team | 4 | |
56 total
» upgrades
| Masonry | 2 | |
| Defend | 1 | |
| Flak Cannons | 2 | |
| Flying Machine Bombs | 2 | |
| Gunpowder | 1 | |
| Plating | 1 | |
9 total
» buildings
| Farm | 13 | |
| Barracks | 1 | |
| Altar of Kings | 1 | |
| Arcane Vault | 1 | |
| Scout Tower | 24 | |
| Lumber Mill | 2 | |
| Arcane Tower | 2 | |
| Guard Tower | 14 | |
| Keep | 1 | |
| Blacksmith | 1 | |
| Castle | 1 | |
| Workshop | 3 | |
| Town Hall | 1 | |
65 total
» build order
00:25 Farm
00:39 Farm
00:42 Barracks
00:50 Altar of Kings
01:39 Arcane Vault
01:57 Farm
02:05 Scout Tower
02:25 Lumber Mill
02:38 Scout Tower
02:41 Scout Tower
02:47 Arcane Tower
03:20 Farm
03:39 Arcane Tower
03:58 Farm
05:01 Scout Tower
05:37 Guard Tower
06:25 Scout Tower
06:26 Farm
06:28 Scout Tower
06:30 Keep
06:45 Farm
07:08 Guard Tower
07:42 Scout Tower
09:21 Blacksmith
09:30 Guard Tower
09:35 Castle
10:31 Farm
10:34 Workshop
10:35 Workshop
11:26 Scout Tower
11:27 Scout Tower
11:28 Scout Tower
11:32 Scout Tower
11:33 Scout Tower
11:35 Scout Tower
11:36 Scout Tower
11:38 Scout Tower
12:05 Guard Tower
12:06 Guard Tower
12:07 Guard Tower
12:25 Workshop
12:33 Guard Tower
12:34 Guard Tower
12:35 Guard Tower
12:45 Guard Tower
12:47 Guard Tower
14:00 Lumber Mill
14:05 Scout Tower
14:06 Scout Tower
14:07 Scout Tower
14:07 Scout Tower
14:07 Scout Tower
14:16 Guard Tower
14:39 Guard Tower
27:47 Farm
27:48 Farm
27:56 Farm
28:23 Scout Tower
28:24 Scout Tower
28:24 Scout Tower
29:39 Guard Tower
32:22 Town Hall
34:42 Farm
36:04 Farm
» items
| Scroll of Regeneration | 8 | |
| Lesser Clarity Potion | 7 | |
| Potion of Healing | 6 | |
| Scroll of Town Portal | 1 | |
22 total

»
genova (
pink | 40 APM | 580 actions | 14:21)
3 Demon Hunter
2 Immolation
1 Mana Burn
» actions
| Basic commands | 14 | |
| Build / train | 50 | |
| Enter build submenu | 21 | |
| Enter hero's abilities submenu | 3 | |
| Right click | 293 | |
| Select / deselect | 147 | |
| Use ability | 52 | |
580 total
» units
| Wisp | 24 | |
| Rogue | 1 | |
| Assassin | 1 | |
| Kobold Geomancer | 1 | |
| Dryad | 3 | |
30 total
» upgrades
| Strength of the Wild | 1 | |
| Reinforced Hides | 2 | |
| Abolish Magic | 1 | |
4 total
» buildings
| Altar of Elders | 1 | |
| Hunter's Hall | 1 | |
| Moon Well | 5 | |
| Ancient Protector | 11 | |
| Ancient of Wonders | 1 | |
| Tree of Ages | 1 | |
| Tree of Eternity | 2 | |
| Ancient of Lore | 2 | |
24 total
» build order
00:41 Altar of Elders
00:44 Hunter's Hall
01:51 Moon Well
01:53 Moon Well
02:17 Ancient Protector
02:35 Ancient Protector
02:59 Ancient Protector
03:47 Ancient Protector
04:03 Ancient Protector
04:41 Ancient Protector
04:47 Moon Well
04:50 Moon Well
05:23 Ancient of Wonders
06:23 Tree of Ages
07:25 Moon Well
08:50 Tree of Eternity
08:50 Tree of Eternity
08:58 Ancient of Lore
09:36 Ancient of Lore
11:23 Ancient Protector
11:33 Ancient Protector
11:41 Ancient Protector
11:44 Ancient Protector
11:50 Ancient Protector
» items
| Staff of Teleportation | 1 | |
| Scroll of Regeneration | 2 | |
| Lesser Clarity Potion | 2 | |
| Scroll of Town Portal | 2 | |
7 total

»
OooBooOooBoo (
blue | 39 APM | 581 actions | 14:49)
3 Dark Ranger
1 Black Arrow
1 Life Drain
1 Silence
1 Archmage
1 Blizzard
» actions
| Assign group hotkey | 4 | |
| Basic commands | 63 | |
| Build / train | 58 | |
| ESC pressed | 1 | |
| Enter build submenu | 22 | |
| Enter hero's abilities submenu | 5 | |
| Give item / drop item | 1 | |
| Right click | 191 | |
| Select / deselect | 190 | |
| Select group hotkey | 12 | |
| Use ability | 34 | |
581 total
» units
| Peasant | 11 | |
| Rifleman | 6 | |
| Mortar Team | 7 | |
| Flying Machine | 3 | |
27 total
» upgrades
| Masonry | 2 | |
| Gunpowder | 1 | |
| Armor | 2 | |
| Lumber Harvesting | 1 | |
6 total
» buildings
| Lumber Mill | 1 | |
| Farm | 8 | |
| Blacksmith | 1 | |
| Barracks | 1 | |
| Altar of Kings | 1 | |
| Arcane Vault | 1 | |
| Keep | 1 | |
| Town Hall | 1 | |
| Scout Tower | 5 | |
| Guard Tower | 9 | |
| Workshop | 3 | |
| Castle | 1 | |
33 total
» build order
02:19 Lumber Mill
02:27 Farm
02:33 Blacksmith
02:41 Barracks
02:46 Altar of Kings
02:51 Farm
03:10 Farm
03:35 Arcane Vault
03:52 Farm
04:06 Keep
04:41 Farm
05:20 Farm
06:11 Farm
07:12 Town Hall
07:14 Scout Tower
07:17 Scout Tower
07:29 Farm
07:52 Guard Tower
07:52 Guard Tower
07:55 Scout Tower
07:57 Scout Tower
08:21 Guard Tower
08:22 Guard Tower
08:25 Guard Tower
08:30 Scout Tower
09:40 Workshop
09:44 Workshop
09:49 Workshop
10:04 Castle
10:52 Guard Tower
10:53 Guard Tower
10:55 Guard Tower
» items
| Scroll of Regeneration | 4 | |
| Ivory Tower | 3 | |
| Scroll of Town Portal | 1 | |
8 total

»
veryfastyo (
orange | 100 APM | 1466 actions | 14:41)
3 Priestess of the Moon
1 Scout
2 Trueshot Aura
2 Keeper of the Grove
1 Entangling Roots
1 Thorns Aura
» actions
| Assign group hotkey | 33 | |
| Basic commands | 16 | |
| Build / train | 59 | |
| Enter build submenu | 20 | |
| Enter hero's abilities submenu | 5 | |
| Remove unit from queue | 1 | |
| Right click | 524 | |
| Select / deselect | 246 | |
| Select group hotkey | 489 | |
| Use ability | 73 | |
1466 total
» units
| Wisp | 23 | |
| Archer | 4 | |
| Chimaera | 4 | |
| Hippogryph | 8 | |
39 total
» upgrades
| Strength of the Wild | 3 | |
| Reinforced Hides | 2 | |
5 total
» buildings
| Altar of Elders | 1 | |
| Moon Well | 7 | |
| Ancient of War | 1 | |
| Tree of Ages | 1 | |
| Hunter's Hall | 1 | |
| Tree of Life | 1 | |
| Ancient Protector | 2 | |
| Ancient of Wind | 3 | |
| Tree of Eternity | 1 | |
| Ancient of Wonders | 1 | |
| Chimaera Roost | 3 | |
22 total
» build order
00:19 Altar of Elders
00:21 Moon Well
01:17 Ancient of War
01:26 Moon Well
03:07 Tree of Ages
03:15 Hunter's Hall
03:47 Tree of Life
04:10 Moon Well
04:24 Ancient Protector
04:27 Ancient Protector
05:40 Ancient of Wind
06:36 Tree of Eternity
07:26 Ancient of Wonders
07:56 Moon Well
08:58 Chimaera Roost
09:01 Chimaera Roost
09:04 Chimaera Roost
09:12 Moon Well
10:06 Moon Well
10:58 Moon Well
11:15 Ancient of Wind
11:18 Ancient of Wind
» items
| Scroll of Regeneration | 1 | |
| Scroll of Town Portal | 2 | |
| Scroll of Healing | 1 | |
| Potion of Lesser Invulnerability | 1 | |
5 total
team 2 (winner)

»
gooops (
red | 49 APM | 2045 actions | 41:28)
5 Keeper of the Grove
3 Force of Nature
2 Entangling Roots
5 Priestess of the Moon
3 Trueshot Aura
2 Scout
» actions
| Assign group hotkey | 26 | |
| Basic commands | 257 | |
| Build / train | 90 | |
| Enter build submenu | 17 | |
| Enter hero's abilities submenu | 10 | |
| Give item / drop item | 1 | |
| Right click | 484 | |
| Select / deselect | 416 | |
| Select group hotkey | 686 | |
| Use ability | 58 | |
2045 total
» units
| Wisp | 24 | |
| Huntress | 5 | |
| Dryad | 3 | |
| Hippogryph | 4 | |
| Chimaera | 5 | |
| Archer | 1 | |
42 total
» upgrades
| Ultravision | 1 | |
| Strength of the Wild | 3 | |
| Well Spring | 1 | |
| Nature's Blessing | 1 | |
| Abolish Magic | 1 | |
| Corrosive Breath | 1 | |
| Reinforced Hides | 3 | |
| Strength of the Moon | 3 | |
| Druid of the Claw Training | 2 | |
| Moon Armor | 3 | |
| Improved Bows | 1 | |
| Sentinel | 1 | |
| Vorpal Blades | 1 | |
| Resistant Skin | 1 | |
| Hardened Skin | 1 | |
| Upgrade Moon Glaive | 1 | |
| Marksmanship | 2 | |
| Mark of the Claw | 1 | |
| Druid of the Talon Training | 2 | |
| Hippogryph Taming | 1 | |
| Mark of the Talon | 1 | |
| Backpack | 1 | |
33 total
» buildings
| Altar of Elders | 1 | |
| Moon Well | 7 | |
| Ancient of War | 2 | |
| Hunter's Hall | 1 | |
| Tree of Ages | 1 | |
| Tree of Eternity | 1 | |
| Ancient of Wind | 1 | |
| Ancient of Lore | 1 | |
| Chimaera Roost | 2 | |
| Tree of Life | 2 | |
| Ancient of Wonders | 1 | |
20 total
» build order
00:19 Altar of Elders
00:34 Moon Well
01:59 Ancient of War
02:00 Ancient of War
02:07 Hunter's Hall
02:15 Moon Well
03:05 Moon Well
03:54 Tree of Ages
05:55 Moon Well
06:22 Tree of Eternity
08:00 Ancient of Wind
08:03 Ancient of Lore
09:14 Moon Well
09:14 Moon Well
09:16 Moon Well
09:24 Chimaera Roost
09:25 Chimaera Roost
14:01 Tree of Life
17:44 Tree of Life
19:00 Ancient of Wonders
» items
CompleteNoob712 (
purple | 191 APM | 7923 actions | 41:28)
6 Blademaster
2 Wind Walk
3 Critical Strike
1 Bladestorm
7 Shadow Hunter
3 Serpent Ward
3 Healing Wave
1 Big Bad Voodoo
4 Tauren Chieftain
2 War Stomp
2 Endurance Aura
» actions
| Assign group hotkey | 50 | |
| Basic commands | 40 | |
| Build / train | 182 | |
| Enter build submenu | 25 | |
| Enter hero's abilities submenu | 17 | |
| Give item / drop item | 2 | |
| Right click | 2932 | |
| Select / deselect | 1029 | |
| Select group hotkey | 3267 | |
| Use ability | 379 | |
7923 total
» units
| Peon | 11 | |
| Troll Witch Doctor | 7 | |
| Shaman | 6 | |
| Spirit Walker | 2 | |
| Demolisher | 5 | |
| Raider | 22 | |
53 total
» upgrades
| Shaman Training | 2 | |
| Witch Doctor Training | 2 | |
| Reinforced Defenses | 1 | |
| Spirit Walker Training | 2 | |
| Ranged Weapons | 2 | |
| Burning Oil | 1 | |
| Armor | 2 | |
| Melee Weapons | 3 | |
| Pillage | 1 | |
| Ensnare | 1 | |
17 total
» buildings
| Altar of Storms | 1 | |
| Orc Burrow | 7 | |
| Voodoo Lounge | 1 | |
| Stronghold | 5 | |
| War Mill | 1 | |
| Spirit Lodge | 3 | |
| Fortress | 4 | |
| Watch Tower | 3 | |
| Barracks | 4 | |
| Beastiary | 2 | |
31 total
» build order
00:08 Altar of Storms
00:20 Orc Burrow
00:54 Voodoo Lounge
01:29 Orc Burrow
02:46 Stronghold
02:46 Stronghold
03:25 Orc Burrow
03:39 War Mill
04:11 Orc Burrow
05:15 Spirit Lodge
05:17 Spirit Lodge
05:44 Spirit Lodge
06:22 Fortress
06:22 Fortress
06:22 Fortress
06:35 Watch Tower
06:38 Watch Tower
09:17 Orc Burrow
15:26 Orc Burrow
15:46 Barracks
15:51 Barracks
17:55 Barracks
18:01 Orc Burrow
18:06 Barracks
26:58 Beastiary
26:59 Beastiary
33:06 Watch Tower
34:57 Stronghold
34:57 Stronghold
37:21 Fortress
» items
| Healing Salve | 5 | |
| Lesser Clarity Potion | 8 | |
| Scroll of Speed | 5 | |
| Orb of Lightning | 3 | |
| Scroll of Healing | 1 | |
| Scroll of Town Portal | 3 | |
| Scroll of Protection | 1 | |
| Potion of Healing | 3 | |
| Potion of Mana | 3 | |
| Tiny Great Hall | 2 | |
34 total
NOOBPUNKD. (
green | 52 APM | 2155 actions | 41:29)
6 Mountain King
3 Storm Bolt
2 Bash
1 Avatar
» actions
| Assign group hotkey | 29 | |
| Basic commands | 5 | |
| Build / train | 55 | |
| Enter build submenu | 16 | |
| Enter hero's abilities submenu | 6 | |
| Give item / drop item | 5 | |
| Remove unit from queue | 1 | |
| Right click | 953 | |
| Select / deselect | 244 | |
| Select group hotkey | 777 | |
| Use ability | 64 | |
2155 total
» units
| Peasant | 8 | |
| Footman | 4 | |
| Gryphon Rider | 4 | |
16 total
» upgrades
| Masonry | 1 | |
| Lumber Harvesting | 2 | |
| Animal War Training | 1 | |
| Swords | 2 | |
| Armor | 2 | |
| Storm Hammers | 1 | |
| Cloud | 1 | |
10 total
» buildings
| Altar of Kings | 1 | |
| Barracks | 1 | |
| Farm | 11 | |
| Scout Tower | 1 | |
| Arcane Tower | 1 | |
| Arcane Vault | 1 | |
| Lumber Mill | 1 | |
| Keep | 1 | |
| Blacksmith | 1 | |
| Castle | 1 | |
| Gryphon Aviary | 2 | |
22 total
» build order
00:06 Altar of Kings
00:24 Barracks
00:36 Farm
01:00 Farm
01:38 Scout Tower
02:05 Arcane Tower
02:18 Arcane Vault
03:49 Lumber Mill
04:09 Keep
04:28 Farm
04:29 Farm
05:21 Blacksmith
06:33 Castle
06:38 Gryphon Aviary
07:08 Gryphon Aviary
07:34 Farm
09:11 Farm
09:16 Farm
11:32 Farm
11:59 Farm
11:59 Farm
12:00 Farm
» items
| Scroll of Regeneration | 3 | |
| Lesser Clarity Potion | 1 | |
| Potion of Mana | 1 | |
| Potion of Lesser Invulnerability | 2 | |
| Scroll of Healing | 1 | |
| Scroll of Town Portal | 3 | |
| Staff of Teleportation | 1 | |
| Potion of Invisibility | 1 | |
| Boots of Speed | 1 | |
| Healing Salve | 1 | |
15 total
Descartes (
teal | 49 APM | 2031 actions | 41:28)
8 Death Knight
3 Death Coil
3 Unholy Aura
1 Animate Dead
1 Death Pact
» actions
| Basic commands | 47 | |
| Build / train | 87 | |
| ESC pressed | 5 | |
| Enter build submenu | 31 | |
| Enter hero's abilities submenu | 9 | |
| Right click | 1325 | |
| Select / deselect | 414 | |
| Use ability | 112 | |
2031 total
» units
| Acolyte | 15 | |
| Ghoul | 11 | |
| Crypt Fiend | 13 | |
| Frost Wyrm | 2 | |
| Gargoyle | 16 | |
57 total
» upgrades
| Creature Attack | 3 | |
| Creature Carapace | 3 | |
| Web | 1 | |
| Burrow | 1 | |
| Freezing Breath | 1 | |
9 total
» buildings
| Altar of Darkness | 1 | |
| Ziggurat | 9 | |
| Crypt | 9 | |
| Graveyard | 1 | |
| Nerubian Tower | 2 | |
| Halls of the Dead | 1 | |
| Black Citadel | 1 | |
| Spirit Tower | 1 | |
| Sacrificial Pit | 1 | |
| Tomb of Relics | 1 | |
| Boneyard | 2 | |
| Necropolis | 3 | |
32 total
» build order
00:25 Altar of Darkness
00:31 Ziggurat
00:33 Crypt
00:47 Graveyard
01:06 Ziggurat
01:32 Ziggurat
03:16 Nerubian Tower
03:17 Halls of the Dead
06:47 Black Citadel
08:03 Spirit Tower
08:05 Sacrificial Pit
08:07 Tomb of Relics
08:09 Ziggurat
08:10 Ziggurat
10:10 Boneyard
10:11 Boneyard
11:21 Ziggurat
11:24 Nerubian Tower
14:26 Ziggurat
14:27 Ziggurat
20:04 Necropolis
20:09 Necropolis
20:20 Ziggurat
31:20 Necropolis
33:26 Crypt
33:29 Crypt
33:31 Crypt
33:33 Crypt
33:37 Crypt
33:38 Crypt
33:40 Crypt
33:57 Crypt
» items
| Scroll of Town Portal | 2 | |
| Orb of Lightning | 1 | |
| Lesser Clarity Potion | 1 | |
| Staff of Teleportation | 1 | |
5 total
Chat log
(00:16 / Allies) Descartes: 100 g
(00:17 / Allies) Descartes: plz
(00:22 / Allies) Descartes: ty
(00:29 / Allies) Descartes: ty red already got
(00:39 / Allies) Descartes: want it back?
(00:50 / Allies) gooops: only ne should give gold at start
(00:57 / All) NOOBPUNKD.: blue maphacks. tk him. if not im using Disc hack in 2 min
(00:58 / Allies) Descartes: green was generous
(01:16 / Allies) Descartes: how do u know he mh?
(01:20 / All) wombaaat: GL HF!
(01:27 / All) NOOBPUNKD.: faggot i just said he maphacked
(01:39 / All) gooops: chill
(01:42 / Allies) Descartes: green how u know?
(01:46 / All) genova: no one scared of you kid
(01:47 / Allies) NOOBPUNKD.: because i have the replays
(01:53 / Allies) Descartes: ohh true
(01:56 / Allies) Descartes: oh wel ill tk list him
(02:01 / Allies) Descartes: let him play hell lose anyway
(02:04 / All) veryfastyo: actually
(02:05 / All) veryfastyo: i scare
(02:08 / Allies) Descartes: how do u disk someone?
(02:12 / Allies) Descartes: i always wondered
(02:17 / Allies) Descartes: cause no access to IP
(02:27 / Allies) NOOBPUNKD.: i was kidding on that part
(02:35 / Allies) Descartes: ive been before tho
(02:37 / Allies) gooops: you mean you were bluffingh
(02:38 / Allies) Descartes: me and my buddy
(02:42 / Allies) Descartes: were playing tourny
(02:47 / Allies) Descartes: and winning and we got disked hard two games
(02:52 / Allies) gooops: you go download it and try not to get a virus
(03:02 / Allies) Descartes: from where
(03:08 / Allies) Descartes: id like to try it out lol
(03:34 / Allies) gooops: google it?
(03:37 / Allies) Descartes: kk
(03:47 / Allies) Descartes: ty
(03:47 / Allies) gooops: how do you find anything on the internet
(03:56 / Allies) Descartes: idk wc no one plays alot anymore
(04:12 / Allies) gooops: nice barracks purp
(04:22 / Allies) gooops: jk you dont hav eone
(04:58 / Allies) gooops: hamme rthe footies
(05:13 / Allies) Descartes: mid?
(05:20 / Allies) gooops: apparently we hitting
(05:25 / Allies) Descartes: oh
(05:36 / Allies) gooops: except green walked off
(05:37 / Allies) gooops: wtf
(05:46 / Allies) gooops: why come here green
(05:47 / Allies) gooops: then walk away
(05:48 / Allies) NOOBPUNKD.: i have no mana for mk
(05:51 / Allies) NOOBPUNKD.: purple made me waste it
(05:52 / Allies) gooops: who gives a fuck
(05:59 / Allies) gooops: man you are dumb
(06:08 / Allies) gooops: no wonder you thought he was hacking
(06:13 / Allies) Descartes: lol
(06:14 / Allies) NOOBPUNKD.: red
(06:18 / Allies) NOOBPUNKD.: ur a nigger
(06:25 / Allies) Descartes: calm down..
(06:26 / Allies) gooops: cute insult
(06:35 / Allies) gooops: they abotu to rush purp
(06:38 / Allies) gooops: you gonna go afk again
(06:39 / Allies) gooops: wander off
(06:45 / All) NOOBPUNKD.: this is unbelievable
(06:48 / All) NOOBPUNKD.: nothing but faggots tonight
(06:55 / All) genova: leave then kid
(06:56 / Allies) Descartes: play.
(06:59 / Allies) Descartes: no dont
(07:01 / All) NOOBPUNKD.: literally nonstop faggotry
(07:02 / Allies) gooops: why get so mad on the internet
(07:31 / Allies) Descartes: mher here\
(08:04 / Allies) NOOBPUNKD.: he did that purposely to show he doesnt mh
(08:10 / Allies) gooops: you are dumb
(08:11 / Allies) gooops: shut up
(08:24 / All) NOOBPUNKD.: red. im a police offer. if you dont knock it off ill report you
(08:39 / Allies) gooops: you are 12 years old
(08:39 / All) veryfastyo: however
(08:43 / All) veryfastyo: u spell it wrong
(08:44 / Allies) gooops: and clearly dont understand the internet
(08:46 / Allies) Descartes: red
(09:03 / Allies) gooops: coming
(10:42 / Allies) NOOBPUNKD.: COMING NIGGAS
(11:33 / Allies) Descartes: ;lumber 11
(11:55 / Allies) Descartes: go
(12:03 / Allies) Descartes: doc
(12:26 / All) genova: arent u gonna tk kid
(12:29 / All) genova: or are ya too scared
(12:32 / All) Descartes: lol
(12:33 / All) NOOBPUNKD.: WHO ARE U TALKING TO LOL
(12:34 / All) gooops: who are u talking to
(12:34 / All) Descartes: u fuckijng suck
(12:38 / All) Descartes: no one is tking
(12:41 / All) genova: tk green
(12:45 / All) Descartes: Stfu
(12:46 / All) NOOBPUNKD.: idiot i said blue was the hacker
(12:48 / All) gooops: green said you should tk blue or something
(12:54 / All) gooops: hes not very easy to understand
(13:05 / All) NOOBPUNKD.: LOL
(13:05 / All) CompleteNoob712: TK happening
(13:13 / All) NOOBPUNKD.: BLUE IS A NIGGER but i respect him for this
(13:29 / All) gooops: good thing no one gives a fuck what you think about anything green
(13:33 / All) genova: hes doing a bad job too
(13:35 / All) genova: OMg HAHHAHAHA
(13:42 / All) NOOBPUNKD.: i swear im the only decent moral person in this game
(13:50 / All) gooops: using words like nigger and faggot
(13:50 / All) gooops: yep
(13:52 / All) gooops: you sure are
(14:00 / All) NOOBPUNKD.: niggers need to be lynched
(14:03 / All) NOOBPUNKD.: this isn't debatable
(14:11 / All) gooops: you are truly a moral person
(14:14 / Allies) Descartes: main
(14:17 / All) genova: GG teals mom and blues mom hopefully get raped and decapitated
(14:26 / All) NOOBPUNKD.: "lawl
(14:33 / All) CompleteNoob712: that's lame lol
(14:34 / All) veryfastyo: fuck u blue
(14:35 / All) CompleteNoob712: angry kids
(14:39 / All) veryfastyo: noob dick
(14:40 / All) Descartes: lmfao
(14:43 / All) Descartes: gg noobs
(14:53 / All) NOOBPUNKD.: red getting hippos cuz hes paranoid of me
(15:14 / All) gooops: not everything is about you idiot
(15:19 / All) NOOBPUNKD.: kodo #1 bitch
(15:39 / All) gooops: oops wheres your main green
(15:50 / All) NOOBPUNKD.: ur mother
(16:04 / All) NOOBPUNKD.: once u saw u getting hippos i knew you would be a baby and tk me
(16:26 / All) gooops: pretty smart of you to do nothing about it
(16:35 / All) gooops: not sure what hippos have to do with my chims killing your base tho
(16:41 / All) NOOBPUNKD.: the only classy thing to do is finish the deal
(16:47 / All) NOOBPUNKD.: and kill purple and teal
(16:54 / All) NOOBPUNKD.: show your dominance over me
(18:33 / All) NOOBPUNKD.: gonna tp to ur base JUST to creep the corner red so relax
(18:41 / All) gooops: na
(18:44 / All) gooops: but i will
(18:49 / All) gooops: gj with that tp bro
(18:51 / All) NOOBPUNKD.: lol
(19:01 / All) NOOBPUNKD.: i said blue hacked i never said i was good at wc
(19:28 / All) NOOBPUNKD.: red i am gonna tp staff to ur hero, drop a ring of prot 5, then invul pot and run away
(20:04 / All) gooops: you are dumb
(20:26 / All) NOOBPUNKD.: now you cant say i am ignorant
(20:34 / All) gooops: really? whys that
(20:40 / All) gooops: do you even know what that word means
(20:43 / All) NOOBPUNKD.: if you give gifts to people you are a heart warming person
(20:47 / Allies) Descartes: shaman
(20:53 / All) gooops: how does that make you not ignorant moron
(21:09 / All) NOOBPUNKD.: fool ignorant people don't give out free shit
(21:15 / All) gooops: sure they do
(21:20 / All) NOOBPUNKD.: example?
(21:31 / All) gooops: you?
(21:38 / All) NOOBPUNKD.: that dont count
(22:07 / All) NOOBPUNKD.: now im gonna give you orb of frost to further prove my dilgence
(22:10 / All) gooops: ignorance has nothing to do with generosity
(22:15 / All) gooops: nice try
(23:03 / All) Descartes: why not use blue..
(23:06 / All) Descartes: how much gold he got
(23:50 / All) Descartes: lol red preist hero
(23:55 / All) Descartes: plus 40 adamagae
(24:30 / All) NOOBPUNKD.: you got this comign to you yellow
(24:33 / All) NOOBPUNKD.: blue hacked and u did nothing
(25:10 / All) Descartes: my gold going up is insane
(25:11 / All) Descartes: look
(25:29 / All) NOOBPUNKD.: teal i am proud to have you as a teammate.
(25:31 / All) NOOBPUNKD.: you are considerate
(25:34 / All) NOOBPUNKD.: so is purple
(25:39 / All) gooops: but is he ignorant
(25:41 / All) Descartes: sorry for the bad doings
(25:46 / All) gooops: or do you still not know what that word means
(25:53 / All) NOOBPUNKD.: im sorry red is a hypocrite and the worst people in the world
(26:02 / All) Descartes: its okay we won
(26:02 / All) gooops: i am the worst people in the world
(26:05 / All) Descartes: set your differences aisde
(26:10 / All) NOOBPUNKD.: you may be worse than hilary, red
(26:12 / All) gooops: just me
(26:18 / All) gooops: im the worst people
(26:20 / All) gooops: All of them
(26:21 / All) gooops: by myself
(26:41 / Allies) Descartes: omw
(26:42 / Allies) Descartes: purple
(26:43 / Allies) Descartes: one sec
(27:12 / All) Descartes: WTF
(27:13 / All) Descartes: priest
(29:15 / All) Descartes: too many on gold mine
(30:01 / All) gooops: whats it feel like to be the stupidest member of your species green
(30:37 / All) NOOBPUNKD.: purple and teal respect me for helping at least
(30:51 / All) gooops: no one respects you
(30:52 / All) NOOBPUNKD.: hell is reserved for you red
(30:53 / All) gooops: wake up
(30:58 / All) NOOBPUNKD.: you are going to hell
(31:00 / All) NOOBPUNKD.: and me heaven
(31:05 / All) gooops: really
(31:10 / All) gooops: im not the ignorant racist
(31:17 / All) NOOBPUNKD.: racism is okay if its true
(31:25 / All) gooops: lol
(31:31 / All) gooops: youre gonna hve to explain that one to everyone
(31:49 / Allies) Descartes: lol red
(31:52 / All) NOOBPUNKD.: holy shit yellow is freaking a spartan warrior
(31:52 / Allies) Descartes: u missed a spot
(32:04 / Allies) CompleteNoob712: gold red
(32:09 / Allies) CompleteNoob712: let's finish this
(32:12 / All) NOOBPUNKD.: if i creep it red will kill me probably
(32:19 / Allies) Descartes: i have too much gold.
(32:28 / Allies) Descartes: purple shaman.
(32:36 / All) wombaaat: take pendant
(32:39 / All) wombaaat: let me keep mine
(32:40 / All) NOOBPUNKD.: will do
(32:43 / All) wombaaat: rgr
(32:55 / All) wombaaat: PURPLE RUINING MY FUN
(32:56 / All) wombaaat: TK
(33:10 / All) NOOBPUNKD.: purple and teal are honorable warriors, red not so much
(33:15 / All) gooops: lol
(33:19 / All) NOOBPUNKD.: told you
(33:21 / All) NOOBPUNKD.: GO RED
(33:21 / All) NOOBPUNKD.: GO
(33:24 / All) NOOBPUNKD.: GO BOY GO
(33:37 / All) gooops: nice base green
(34:11 / All) NOOBPUNKD.: fuck u know abou thte tp staff
(34:12 / Allies) Descartes: LOL
(34:22 / Allies) Descartes: its okay red spare him
(34:32 / All) gooops: im like infinity times better than you geren
(34:37 / All) gooops: how would i not know about it
(35:12 / All) NOOBPUNKD.: you probaby are but by prox i am better than you
(35:23 / All) gooops: makes sense
(35:25 / All) NOOBPUNKD.: isnt that word proxy?
(35:35 / All) NOOBPUNKD.: im friends with the 3 best players on the history of 4v4 on east
(35:38 / All) gooops: proxy is a word
(35:40 / All) NOOBPUNKD.: kodos, mugaro, and drayen
(35:42 / All) gooops: congrats
(35:45 / All) NOOBPUNKD.: that makes me better than u
(35:50 / All) NOOBPUNKD.: cuz i know em'
(35:52 / All) gooops: no, it doesnt
(36:11 / All) NOOBPUNKD.: i make the rules and i say it does
(36:23 / All) gooops: you dont make the rules of logic
(36:30 / All) wombaaat: wheres greeN?
(36:31 / All) NOOBPUNKD.: u make the rules of niggerness
(36:32 / All) gooops: or the english language
(36:34 / All) gooops: sorry
(36:34 / All) Descartes: whos taken philosophy here?
(36:48 / All) NOOBPUNKD.: red killed me, yellow. i had it coming
(36:52 / All) gooops: bottom right
(37:22 / All) NOOBPUNKD.: i outsmarted you , red. my avatar owned you
(37:27 / All) gooops: yeah you sure did
(37:35 / All) gooops: really outsmarted me
(37:37 / All) NOOBPUNKD.: if u cant kill my hero before game ends that means im 100x better than u
(37:38 / Allies) Descartes: should i intervene a
(37:40 / Allies) Descartes: as a peace keeper?
(37:49 / All) NOOBPUNKD.: i never attacked red once, rape his ass teal
(38:02 / All) gooops: you attacked everyone with your stupidity
(38:06 / All) gooops: im doing them a favor
(38:15 / All) NOOBPUNKD.: you didnt help though, so that is hypocrisy
(38:17 / Allies) Descartes: kk green
(38:21 / Allies) Descartes: u asked for my nec
(38:26 / All) gooops: i won the game for us
(38:30 / All) NOOBPUNKD.: thx teal
(38:36 / All) gooops: it was over 20 min ago
(38:43 / All) NOOBPUNKD.: woot teal chose me over red
(38:44 / All) NOOBPUNKD.: i win!
(38:51 / All) NOOBPUNKD.: arrogant bastard red
(39:16 / All) gooops: he is just bored and you have nothing
(39:20 / Allies) Descartes: LOL\
(39:24 / All) NOOBPUNKD.: purple may actually be the only morally ethic person here
(39:27 / Allies) Descartes: prob if the other way around
(39:29 / Allies) Descartes: id kill green
(39:47 / All) wombaaat: TP HAS NOWHERE TO GO
(39:48 / All) wombaaat: ALFJKGSHSDFJO
(39:59 / All) wombaaat: WHATS THE DURATION ON VOODOO?
(40:03 / All) NOOBPUNKD.: DIE RED LOL
(40:11 / All) NOOBPUNKD.: try hard trying to tp
(40:13 / All) NOOBPUNKD.: so fast
(40:20 / All) NOOBPUNKD.: WOOT RED DIES
(40:21 / All) NOOBPUNKD.: I LOVE U TEAL
(40:28 / All) NOOBPUNKD.: ill buy you a steam gift card for this
(40:43 / All) NOOBPUNKD.: DIE RED
(40:44 / All) wombaaat: gg
(40:44 / All) NOOBPUNKD.: die